 Dungeon Crawl Stone Soup version 0.16.2-2-g470672f (webtiles) character file.

167 dvd the Shooter (level 5, 0/41 HPs)
             Began as a Centaur Hunter on Aug 27, 2015.
             Succumbed to raikaria's ghost's sting
             ... on level 4 of the Dungeon on Aug 28, 2015.
             The game lasted 00:28:10 (2842 turns).

dvd the Shooter (Centaur Hunter)                    Turns: 2842, Time: 00:28:11

Health: 0/41       AC:  5    Str: 15    XL:     5   Next: 23%
Magic:  4/4        EV: 15    Int: 10    God:
Gold:   160        SH:  0    Dex: 15    Spells: 0 memorised, 4 levels left

rFire  . . .     SeeInvis .     b - +1 shortbow
rCold  . . .     Clarity  .     m - +0 animal skin
rNeg   . . .     SustAb   .     (no shield)
rPois  .         Gourm    .     n - +0 helmet
rElec  .         Spirit   .     (no cloak)
rCorr  .         Warding  .     (no gloves)
rMut   .         Stasis   .     (no barding)
MR     .....                    (no amulet)
Stlth  +.........               (no ring)
                                (no ring)

@: confused, agile, lethally poisoned (0 -> -4), very slightly contaminated,
hasted, invisible (expiring), very quick, not resistant to hostile enchantments,
very unstealthy
A: hooves 3, deformed body, speed 2, tough skin 3
a: no special abilities


You were on level 4 of the Dungeon.
You were not hungry.

You visited 1 branch of the dungeon, and saw 4 of its levels.

You collected 160 gold pieces.

Inventory:

Hand weapons
 a - a +0 short sword
 b - a +1 shortbow (weapon)
 e - a +0 short sword
 g - a +2 whip of draining
 h - a +0 club
 l - a +0 mace
Missiles
 c - 22 arrows (quivered)
Armour
 i - a +0 robe
 m - a +0 animal skin (worn)
 n - a +0 helmet (worn)
Magical devices
 o - a wand of random effects (13)
Scrolls
 d - 4 scrolls of identify {unknown}
 q - a scroll of remove curse {unknown}
 s - a scroll of fog {unknown}
Comestibles
 f - a bread ration
 j - a meat ration
 k - a slice of pizza
 p - 3 fruits


   Skills:
 + Level 2.2 Fighting
 + Level 0.1 Maces & Flails
 + Level 7.7 Bows
 + Level 0.3 Armour
 + Level 2.1 Dodging
 + Level 0.7 Stealth


You had 4 spell levels left.
You didn't know any spells.

Dungeon Overview and Level Annotations

Branches:
Dungeon (4/15)
 Temple: D:4-7

Altars:

Annotations:
D:3 raikaria's ghost, experienced KoVM


Innate Abilities, Weirdness & Mutations

You have hooves in place of feet.
Armour fits poorly on your strangely shaped body.
You cover ground very quickly.
You have extremely tough skin (AC +3).


Message History

You feel sick.
There is a stone staircase leading down here.
In your confused state, you trip and fall down the stairs.
* * * LOW HITPOINT WARNING * * *
You climb downwards.
A rat, 4 jackals, a gnoll and a kobold come into view.
Found 3 tomahawks and a scroll labeled UDDUFA CETT.
Found a stone staircase leading up.
There is a stone staircase leading up here.
Unknown command.
Unknown command.
Unknown command.
Unknown command.
* * * LOW HITPOINT WARNING * * *
You feel sick.
You see here a scroll labeled UDDUFA CETT.
d - 4 scrolls labeled UDDUFA CETT (gained 1)
You are feeling hungry.
Eat which item? (? for menu, Esc to quit)
You die...

. #.# #.# #
... #. #.#
.##.# ...#
#..#
#@.########
#..........
#..(#######
#...# #<..#
#....<..h#
#..rhh.K..g.
.....#..h#####
##..##.#..


You could see 3 jackals and a kobold (sleeping).

Vanquished Creatures
  Ijyb (D:2)
  Robin (D:2)
  5 adders
  A giant mite (D:1)
  3 worms (D:2)
  4 giant geckos (D:2)
  3 oozes
  2 ball pythons
  2 bats
  A bat zombie (D:2)
  2 giant cockroaches
  13 goblins
  6 hobgoblins
  4 jackals (D:1)
  2 giant newts (D:2)
  6 kobolds
  2 rats (D:2)
  A rat zombie (D:2)
59 creatures vanquished.

Notes
Turn   | Place    | Note
--------------------------------------------------------------
     0 | D:1      | dvd, the Centaur Hunter, began the quest for the Orb.
     0 | D:1      | Reached XP level 1. HP: 17/17 MP: 1/1
   282 | D:1      | Reached XP level 2. HP: 24/24 MP: 2/2
   310 | D:1      | Reached skill level 6 in Bows
   640 | D:2      | Reached XP level 3. HP: 29/29 MP: 3/3
   743 | D:2      | Noticed Robin
  1580 | D:2      | Reached skill level 7 in Bows
  1580 | D:2      | Reached XP level 4. HP: 16/36 MP: 3/3
  1848 | D:2      | Killed Robin
  2239 | D:2      | Noticed Ijyb
  2263 | D:2      | Killed Ijyb
  2263 | D:2      | Reached XP level 5. HP: 39/41 MP: 4/4
  2796 | D:3      | Noticed raikaria's ghost (experienced KoVM)
  2834 | D:3      | HP: 2/41 [poisoned by raikaria's ghost (sting)]
  2842 | D:4      | Succumbed to raikaria's ghost's sting

Action                   |  1- 3 |  4- 6 || total
-------------------------+-------+-------++-------
Melee: Whip              |    37 |    39 ||    76
       Mace              |       |    10 ||    10
       Shortbow          |       |     1 ||     1
 Fire: Shortbow          |    99 |    53 ||   152
  Use: Potion            |       |     3 ||     3
  Eat: Chunk             |       |     4 ||     4
       Fruit             |       |     1 ||     1
